 Dungeon Crawl Stone Soup version 0.20-a0-850-ge5a7832 (webtiles) character file.

44 Alarkh the Chopper (level 3, -4/29 HPs)
             Began as a Demonspawn Monk on Mar 10, 2017.
             Slain by a gnoll
             ... wielding a +0 halberd
              (11 damage)
             ... on level 3 of the Dungeon.
             The game lasted 00:02:05 (2071 turns).

Alarkh the Chopper (Demonspawn Monk)                Turns: 2071, Time: 00:02:06

Health: -4/29      AC:  3    Str: 11    XL:     3   Next: 41%
Magic:  3/3        EV: 13    Int: 12    God:
Gold:   87         SH:  0    Dex: 17    Spells: 2/2 levels left

rFire    . . .     SeeInvis .   a - +0 hand axe
rCold    . . .     Gourm    .   b - +0 robe
rNeg     . . .     Faith    .   (no shield)
rPois    .         Spirit   .   (no helmet)
rElec    .         Reflect  .   (no cloak)
rCorr    .         Harm     .   (no gloves)
MR       .....                  n - +0 pair of boots
Stlth    +++.......             (no amulet)
Regen    0.1/turn               (no ring)
MPRegen  0.1/turn               (no ring)

@: no status effects
A: thin skeletal structure 1, powered by death 1
a: no special abilities


You were on level 3 of the Dungeon.
You were not hungry.

You visited 1 branch of the dungeon, and saw 3 of its levels.

You collected 87 gold pieces.

Inventory:

Hand Weapons
 a - a +0 hand axe (weapon)
Armour
 b - a +0 robe (worn)
 n - a +0 pair of boots (worn)
Wands
 m - a wand of lightning (7/15)
Scrolls
 d - a scroll of teleportation
 f - a scroll of magic mapping {unknown}
 g - a scroll of noise {unknown}
 l - a scroll of enchant weapon {unknown}
Potions
 j - a potion of flight
Comestibles
 c - 2 bread rations


   Skills:
 + Level 3.2 Fighting
 * Level 3.4 Axes
 + Level 1.1 Armour
 + Level 2.9 Dodging
 - Level 1.7 Stealth


You had 2 spell levels left.
You didn't know any spells.

Dungeon Overview and Level Annotations

Branches:
Dungeon (3/15)

Altars:

Annotations:
D:2 Terence


Innate Abilities, Weirdness & Mutations

You have a somewhat thin skeletal structure. (Dex +2, Stealth)
You regenerate a little health from kills.


Message History

The gnoll closely misses you. The gnoll barely misses you.
You bump into the rock wall.
The gnoll hits you!
The gnoll hits you from afar with a halberd!
The gnoll barely misses you.
You bump into the closed door.
The gnoll closely misses you. The gnoll hits you but does no damage.
The gnoll hits you! The gnoll hits you but does no damage.
You're too confused to move!
The gnoll barely misses you. The gnoll hits you! The gnoll closely misses you.
You hit the gnoll.
The gnoll is heavily wounded.
You miss the gnoll. You closely miss the gnoll. The gnoll hits you!
The gnoll barely misses you. The gnoll hits you with a halberd!
* * * LOW HITPOINT WARNING * * *
The gnoll barely misses you.
You feel less invigorated.
You feel less confused. The gnoll closely misses you.
The gnoll hits you from afar with a halberd!
You die...

###########
#.........#
#.........#
#.........#
#.........#
#.........#
#......(..#
#...gg....#
#..@ggw...#
###+##'####
#.# ... ##.##
... #.#
#######+##
#........#####


You could see 4 gnolls and a dart slug.

Vanquished Creatures
  An adder (D:2)
  An ooze (D:2)
  A dart slug (D:2)
  A giant cockroach (D:1)
  8 goblins
  5 hobgoblins
  3 bats (D:1)
  A frilled lizard (D:1)
  3 kobolds
  5 rats (D:1)
29 creatures vanquished.

Notes
Turn   | Place    | Note
-------+----------+-------------------------------------------
     0 | D:1      | Alarkh the Demonspawn Monk began the quest for the Orb.
     0 | D:1      | Reached XP level 1. HP: 18/18 MP: 1/1
   366 | D:1      | Gained mutation: You regenerate a little health from kills. [demonic ancestry]
   366 | D:1      | Reached XP level 2. HP: 18/24 MP: 2/2
   941 | D:2      | Reached skill level 1 in Armour
  1184 | D:2      | Gained mutation: You have a somewhat thin skeletal structure. (Dex +2, Stealth) [demonic ancestry]
  1184 | D:2      | Reached XP level 3. HP: 17/29 MP: 3/3
  1528 | D:2      | Noticed Terence
  2071 | D:3      | Slain by a gnoll

Vault maps used:
D:1:      matt_arrival_refuge
D:2:      uniq_terence
D:3:      gup_sewer_entry_bowl, minmay_ogre_servants

Skill      XL: |  1  2 |
---------------+-------+-----
Axes           | 3 |  3.4
Armour         | 1 |  1.1
Fighting       | |  3.2
Dodging        | |  2.9
Stealth        | |  1.7

Action                   || total
-------------------------++-------
Melee: Hand axe          ||    87
  Use: Potion            ||     4
       Scroll            ||     1
 Stab: Sleeping          ||     6
  Eat: Chunk             ||     1
       Meat ration       ||     1
Armor: Robe              ||    13
Dodge: Dodged            ||    64
